Map: Romanticide LE

Players

ShoWTimE - Winner!

  • Race: Protoss Protoss
  • League: Master
  • Spawn Location: 5:00

Serral

  • Race: Zerg Zerg
  • League: Master
  • Spawn Location: 11:00

Event: TSL 6

VOD

Have the link to the VOD?

Description

Time

  • Played on: Dec. 19, 2020, 2:25 p.m.
  • Length: 38:39

All games in this series

Show
View Real Time Build Order
Export as new Build Order

ShoWTimE Protoss - Winner!

Build Orders: Carriers 

Get SALT Encoding   

  12  0:00  Probe  
  13  0:12  Probe  
  14  0:18  Pylon  
  14  0:24  Probe (Chrono Boost)  
  15  0:36  Probe (Chrono Boost)  
  15  0:37  Gateway  
  16  0:45  Probe (Chrono Boost)  
  16  0:46  Assimilator  
  17  0:50  Probe  
  18  1:03  Probe  
  19  1:15  Probe  
  20  1:25  Zealot (Chrono Boost)  
  22  1:27  Probe  
  22  1:29  Cybernetics Core  
  22  1:30  Pylon  
  23  1:48  Probe  
  24  2:01  Probe  
  25  2:06  Nexus  
  25  2:09  Adept (Chrono Boost)  
  27  2:17  Probe  
  27  2:21  Assimilator  
  28  2:27  Pylon  
  28  2:30  Probe  
  28  2:36  Adept  
  31  2:45  Probe  
  32  2:53  Stargate  
  32  2:58  Probe  
  33  3:06  Stalker, Warp Gate  
  33  3:10  Probe (Chrono Boost)  
  38  3:21  Probe x2 (Chrono Boost)  
  39  3:28  Probe (Chrono Boost)  
  39  3:29  Probe (Chrono Boost)  
  39  3:32  Void Ray  
  39  3:33  Probe (Chrono Boost)  
  40  3:36  Probe  
  46  3:45  Probe  
  48  3:48  Probe  
  48  3:53  Gateway  
  48  3:57  Probe  
  48  3:59  Pylon  
  48  4:00  Probe  
  51  4:10  Probe  
  51  4:12  Probe  
  51  4:15  Oracle (Chrono Boost)  
  52  4:22  Probe  
  56  4:24  Assimilator, Probe  
  56  4:26  Assimilator  
  56  4:27  Pylon  
  54  4:34  Probe  
  54  4:36  Probe  
  54  4:46  Void Ray (Chrono Boost), Probe  
  54  4:48  Nexus  
  54  4:49  Probe  
  54  4:50  Pylon  
  54  4:52  Stargate  
  54  4:58  Probe  
  59  5:01  Probe  
  60  5:10  Probe  
  60  5:11  Twilight Council, Forge  
  60  5:13  Probe  
  62  5:20  Void Ray (Chrono Boost)  
  62  5:21  Shield Battery  
  62  5:22  Probe  
  62  5:25  Probe  
  68  5:34  Probe, Void Ray (Chrono Boost)  
  68  5:35  Pylon  
  69  5:37  Adept, Probe  
  76  5:46  Probe  
  76  5:48  Pylon  
  76  5:49  Probe  
  78  5:56  Shield Battery  
  78  5:58  Shield Battery, Probe  
  78  6:00  Shield Battery  
  78  6:01  Void Ray (Chrono Boost)  
  78  6:03  Pylon  
  83  6:06  Void Ray (Chrono Boost)  
  83  6:07  Stalker  
  89  6:21  Stalker  
  91  6:28  Void Ray (Chrono Boost)  
  91  6:30  Gateway  
  91  6:33  Gateway  
  91  6:37  Stalker  
  91  6:38  Probe  
  91  6:39  Probe x2  
  100  6:43  Void Ray  
  100  6:50  Stalker  
  100  6:51  Probe  
  107  6:55  Probe  
  105  7:03  Probe  
  105  7:05  Zealot  
  105  7:07  Charge  
  103  7:25  Nexus  
  103  7:31  Shield Battery  
  103  7:38  Protoss Ground Weapons Level 1 (Chrono Boost), Pylon  
  103  7:40  Pylon  
  103  7:46  Pylon  
  103  7:59  Templar Archives, Probe  
  103  8:00  Gateway, Probe  
  103  8:03  Gateway  
  105  8:05  Gateway  
  105  8:11  Probe  
  105  8:12  Probe  
  107  8:19  Zealot  
  109  8:20  Adept x3  
  109  8:24  Probe x2  
  117  8:32  Assimilator  
  117  8:36  Assimilator, Gateway, Robotics Facility, Probe x2  
  117  8:40  Probe  
  120  8:42  High Templar x2  
  120  8:47  Archon  
  120  8:48  Psionic Storm, Probe x2  
  126  8:52  Probe  
  126  8:53  Pylon, Photon Cannon  
  126  8:54  Pylon  
  127  8:58  Gateway  
  127  9:00  Probe x2  
  129  9:04  Gateway, Probe  
  130  9:10  High Templar  
  130  9:12  Probe x2  
  130  9:13  Gateway  
  130  9:17  Pylon, High Templar  
  135  9:28  Warp Prism (Chrono Boost)  
  135  9:32  Pylon, High Templar  
  135  9:33  Zealot x2, Pylon  
  143  9:40  High Templar  
  145  9:46  High Templar  
  145  9:50  Zealot x2, Pylon  
  145  9:51  Zealot  
  153  9:54  Zealot  
  153  9:55  High Templar  
  155  10:00  Protoss Ground Weapons Level 2 (Chrono Boost)  
  155  10:04  Nexus  
  155  10:07  Pylon  
  155  10:12  Photon Cannon  
  155  10:13  Photon Cannon  
  155  10:17  Shield Battery  
  155  10:20  Zealot x3  
  161  10:25  High Templar x2  
  161  10:27  Probe x2  
  161  10:28  Probe  
  168  10:29  Archon  
  168  10:30  Zealot x2  
  172  10:36  Zealot x2  
  172  10:40  Probe x3  
  179  10:44  Observer (Chrono Boost)  
  179  10:47  Assimilator  
  180  10:51  Assimilator  
  180  10:52  Probe  
  181  10:57  Zealot x3  
  181  10:58  Zealot x2  
  181  11:00  Probe x2  
  181  11:01  Observer  
  192  11:04  Probe  
  192  11:09  Fleet Beacon  
  173  11:19  Probe  
  173  11:23  Probe  
  151  11:25  Zealot  
  151  11:26  Zealot x6  
  151  11:36  Probe  
  141  11:49  Zealot x5, High Templar x4  
  141  11:50  Probe  
  141  11:53  Probe  
  161  12:02  Photon Cannon  
  161  12:04  Carrier (Chrono Boost), Photon Cannon  
  161  12:05  Shield Battery  
  161  12:06  Carrier (Chrono Boost)  
  161  12:08  High Templar  
  161  12:09  High Templar  
  161  12:12  Protoss Air Weapons Level 1 (Chrono Boost)  
  161  12:13  Archon  
  177  12:24  Zealot x5  
  177  12:28  Pylon  
  177  12:29  Immortal (Chrono Boost)  
  185  12:39  Protoss Ground Weapons Level 3 (Chrono Boost)  
  185  12:42  Nexus  
  185  12:45  Pylon  
  185  12:57  Carrier (Chrono Boost)  
  185  12:58  Zealot  
  185  12:59  Zealot x3  
  185  13:04  Carrier (Chrono Boost)  
  196  13:14  Pylon  
  196  13:22  Pylon  
  196  13:24  Nexus  
  192  13:28  Zealot x4  
  196  13:40  Observer  
  193  13:41  Photon Cannon  
  193  13:49  Photon Cannon  
  193  13:50  Pylon  
  193  13:55  Carrier (Chrono Boost)  
  193  13:57  Stargate  
  193  14:02  Pylon  
  199  14:13  Photon Cannon  
  199  14:15  Photon Cannon  
  199  14:16  Photon Cannon  
  199  14:18  Shield Battery  
  199  14:19  Shield Battery  
  199  14:20  Protoss Air Weapons Level 2 (Chrono Boost)  
  199  14:27  Assimilator  
  199  14:30  Assimilator  
  199  14:36  Stargate  
  195  14:43  Oracle (Chrono Boost)  
  196  14:51  Zealot x10, Carrier (Chrono Boost)  
  192  15:14  Nexus  
  192  15:16  Observer  
  192  15:17  Protoss Shields Level 1 (Chrono Boost)  
  189  15:21  High Templar  
  189  15:22  High Templar  
  189  15:27  Carrier (Chrono Boost)  
  195  15:36  Pylon  
  195  15:42  Photon Cannon  
  195  15:44  Photon Cannon  
  195  15:45  Shield Battery  
  195  15:52  Warp Prism  
  195  15:56  Robotics Bay  
  197  15:58  Photon Cannon  
  197  16:00  Zealot  
  191  16:34  Zealot x3  
  191  16:35  Zealot x2  
  189  16:42  Carrier x2 (Chrono Boost)  
  189  16:52  Carrier (Chrono Boost)  
  178  17:00  Probe x2  
  176  17:02  Assimilator, High Templar x8  
  176  17:03  High Templar x2  
  176  17:04  Assimilator  
  176  17:06  Archon  
  176  17:07  Archon x4  
  196  17:12  Photon Cannon  
  196  17:13  Shield Battery  
  196  17:17  Protoss Air Weapons Level 3 (Chrono Boost)  
  196  17:18  Gravitic Drive (Chrono Boost)  
  196  17:20  Dark Shrine  
  196  17:28  Observer (Chrono Boost)  
  195  17:39  Carrier  
  195  17:45  Zealot x2  
  199  18:00  Protoss Shields Level 2 (Chrono Boost)  
  199  18:02  Zealot x4  
  195  18:07  Zealot x2  
  199  18:13  Photon Cannon  
  199  18:15  Photon Cannon  
  157  18:34  Shadow Stride (Chrono Boost)  
  199  18:37  Photon Cannon  
  199  18:38  Pylon  
  184  18:57  Observer  
  184  18:58  Zealot  
  184  18:59  Zealot x6  
  199  19:03  Gateway  
  199  19:05  Gateway  
  196  19:25  Zealot  
  196  19:26  Zealot  
  196  19:30  Zealot x2  
  199  19:33  Carrier  
  199  19:38  Zealot x4  
  195  19:49  High Templar x2  
  195  19:51  Protoss Air Armor Level 1 (Chrono Boost)  
  199  20:05  Pylon, Nexus  
  199  20:08  Shield Battery  
  199  20:09  Shield Battery  
  199  20:11  Pylon  
  199  20:16  Pylon  
  199  20:18  Assimilator  
  199  20:20  Assimilator  
  199  20:24  Warp Prism (Chrono Boost)  
  199  20:25  Photon Cannon x2  
  199  20:26  Pylon  
  199  20:28  High Templar x2  
  195  20:31  High Templar  
  199  20:41  Stargate  
  199  20:44  Photon Cannon  
  199  20:46  Zealot x2  
  199  20:47  Photon Cannon  
  199  21:13  Pylon  
  199  21:17  Nexus  
  199  21:20  Pylon  
  199  21:27  Robotics Facility, Void Ray x2 (Chrono Boost)  
  199  21:31  Protoss Shields Level 3 (Chrono Boost), Flux Vanes  
  199  21:37  Void Ray (Chrono Boost)  
  199  21:43  Protoss Air Armor Level 2 (Chrono Boost)  
  198  21:47  Dark Templar  
  198  21:51  Observer (Chrono Boost)  
  198  21:52  Zealot x5  
  199  22:00  Assimilator  
  199  22:02  Assimilator  
  199  22:04  Photon Cannon  
  199  22:06  Gravitic Boosters (Chrono Boost), Photon Cannon  
  199  22:07  Photon Cannon  
  199  22:08  Photon Cannon  
  199  22:10  Photon Cannon  
  199  22:12  Photon Cannon  
  199  22:14  Shield Battery  
  199  22:15  Shield Battery  
  196  22:17  Shield Battery  
  196  22:20  Shield Battery  
  194  22:25  Void Ray x2  
  200  22:39  Photon Cannon  
  198  22:51  Zealot  
  200  23:11  Void Ray  
  200  23:13  Void Ray x2  
  200  23:14  Void Ray  
  190  23:24  Immortal x2  
  194  23:33  Dark Templar x3  
  200  23:59  Gateway, Nexus  
  200  24:00  Gateway x2, Pylon, Void Ray  
  200  24:01  Observer  
  194  24:03  Gateway  
  194  24:04  Gateway  
  194  24:09  Gateway  
  194  24:27  Oracle  
  193  24:36  Dark Templar x3  
  199  24:47  Protoss Ground Armor Level 1 (Chrono Boost)  
  199  24:52  Blink (Chrono Boost)  
  199  25:05  Protoss Air Armor Level 3 (Chrono Boost)  
  193  25:16  Mothership (Chrono Boost)  
  189  25:45  Dark Templar x2  
  189  25:46  Zealot x3  
  187  26:04  Zealot  
  187  26:05  Zealot x6  
  196  26:28  Unknown  
  196  26:34  Photon Cannon  
  196  26:35  Photon Cannon  
  196  26:37  Photon Cannon  
  196  26:38  Photon Cannon  
  196  26:40  Shield Battery  
  196  26:42  Shield Battery  
  196  26:46  Pylon  
  196  26:56  Tempest (Chrono Boost)  
  189  27:09  Tempest x3 (Chrono Boost)  
  194  27:22  Shield Battery  
  194  27:23  Shield Battery x2  
  194  27:24  Warp Prism (Chrono Boost)  
  194  27:25  Shield Battery  
  194  27:28  High Templar, Photon Cannon  
  194  27:29  Photon Cannon, High Templar  
  193  28:14  Tempest  
  196  28:21  Shield Battery  
  196  28:24  Shield Battery  
  196  28:26  Protoss Ground Armor Level 2 (Chrono Boost), Shield Battery, Observer  
  197  28:29  Pylon  
  193  28:48  Unknown  
  191  28:55  Pylon  
  191  28:58  Zealot x4  
  191  28:59  Pylon  
  195  29:03  Zealot x3  
  200  29:42  Shield Battery, Photon Cannon  
  200  29:43  Shield Battery  
  200  29:44  Shield Battery, Photon Cannon  
  200  29:47  Photon Cannon  
  200  29:49  Shield Battery  
  200  29:51  Shield Battery  
  200  29:52  Shield Battery  
  186  30:02  Zealot x8  
  186  30:04  Zealot x3  
  200  30:13  Dark Templar  
  196  30:23  Pylon  
  192  30:28  Zealot x3  
  192  30:29  Zealot  
  192  30:35  Zealot x6  
  187  30:49  Warp Prism (Chrono Boost)  
  184  30:53  High Templar x2  
  187  31:05  Zealot x8  
  163  31:56  Void Ray x4  
  175  32:12  Zealot x4  
  178  32:34  Immortal x2 (Chrono Boost)  
  178  32:36  Pylon, Nexus  
  179  32:39  High Templar  
  179  32:40  High Templar  
  179  32:41  Carrier (Chrono Boost), Oracle (Chrono Boost)  
  197  32:51  Carrier (Chrono Boost)  
  197  32:55  Unknown  
  192  33:21  Archon  
  192  33:26  Zealot x6  
  184  34:22  Void Ray x2  
  184  34:23  Void Ray x2  
  190  34:38  High Templar  
  185  34:39  High Templar  
  185  34:43  High Templar  
  185  34:44  High Templar x3  
  195  34:48  Archon x2  
  183  35:00  Void Ray  
  183  35:02  High Templar x3  
  183  35:04  High Templar  
  195  35:08  Oracle  
  198  35:14  Archon  
  198  35:16  Archon  
  198  35:19  Dark Templar  
  190  36:48  Nexus  
  190  36:51  Void Ray (Chrono Boost)  
  190  36:52  Void Ray (Chrono Boost)  
  155  36:59  Void Ray x2 (Chrono Boost)  
  137  37:06  High Templar x11  
  137  37:07  High Templar x5  
  169  37:12  Archon x2  
  169  37:13  Archon x3, Void Ray (Chrono Boost)  
  169  37:17  Pylon  
  172  37:26  Void Ray x2 (Chrono Boost)  
  178  37:31  Void Ray (Chrono Boost)  
  178  37:35  Oracle  
  183  37:39  Dark Templar x2  
  183  37:40  Dark Templar x2  
  191  37:46  High Templar x3  
  191  37:47  High Templar  
  199  37:51  Archon x2  
  199  38:04  Observer  
Show
View Real Time Build Order
Export as new Build Order

Serral Zerg 

Build Orders: 3 Hatch before Pool, Lurkers 

Get SALT Encoding   

  12  0:00  Drone  
  13  0:12  Overlord  
  13  0:17  Drone  
  14  0:30  Drone x2  
  14  0:34  Drone  
  17  0:53  Hatchery  
  17  0:56  Drone  
  17  1:17  Hatchery  
  16  1:20  Drone  
  16  1:24  Drone  
  18  1:34  Extractor  
  18  1:39  Spawning Pool  
  16  1:42  Drone  
  16  1:45  Drone  
  18  1:49  Drone  
  18  1:53  Drone  
  20  1:59  Evolution Chamber  
  20  2:04  Overlord  
  20  2:06  Drone  
  22  2:15  Drone  
  23  2:16  Drone  
  24  2:25  Queen  
  24  2:26  Zergling x4, Queen  
  30  2:36  Overlord  
  30  2:37  Drone, Metabolic Boost  
  31  2:47  Drone x2  
  32  2:59  Zergling x2  
  32  3:00  Drone  
  32  3:01  Queen x2  
  38  3:09  Zergling x2, Drone  
  40  3:18  Overlord  
  40  3:20  Drone  
  41  3:29  Hatchery  
  41  3:30  Drone x2  
  43  3:34  Drone x2  
  43  3:37  Overlord  
  43  3:38  Zergling x2  
  43  3:40  Drone x2  
  47  3:46  Zergling x2  
  48  3:48  Drone  
  48  3:55  Spore Crawler, Drone  
  49  3:58  Drone  
  50  4:05  Lair, Drone  
  50  4:08  Extractor  
  50  4:09  Drone  
  54  4:10  Drone x3  
  54  4:16  Overlord  
  54  4:17  Drone x3  
  56  4:26  Zergling x4  
  56  4:27  Extractor, Roach Warren  
  56  4:30  Spore Crawler  
  54  4:31  Queen  
  54  4:34  Drone  
  56  4:39  Drone  
  56  4:43  Drone x3  
  56  4:44  Drone  
  60  4:47  Drone  
  60  4:52  Queen  
  63  4:57  Spore Crawler  
  63  4:58  Drone x2  
  64  5:03  Pneumatized Carapace  
  64  5:04  Drone  
  65  5:07  Overlord  
  65  5:10  Overlord  
  65  5:20  Roach x4  
  73  5:24  Overlord  
  73  5:31  Roach x3  
  73  5:35  Overlord  
  79  5:37  Overlord  
  79  5:38  Roach  
  80  5:47  Zergling x14  
  87  5:53  Overlord  
  87  5:54  Zergling x4  
  89  6:00  Overlord  
  89  6:02  Zergling x8  
  93  6:13  Ravager  
  93  6:14  Zergling x16, Ravager  
  102  6:23  Zergling x6  
  96  6:40  Zergling x14  
  96  6:46  Ravager x5  
  99  6:47  Overlord  
  99  6:48  Overlord  
  99  6:49  Overlord  
  97  6:54  Queen  
  97  6:58  Queen  
  96  7:01  Queen  
  96  7:02  Drone x2  
  96  7:06  Drone x2  
  96  7:10  Drone  
  96  7:14  Drone x3  
  96  7:15  Drone x2  
  96  7:17  Drone  
  93  7:24  Extractor  
  93  7:26  Hydralisk Den  
  91  7:30  Queen  
  91  7:33  Drone  
  91  7:34  Queen, Drone x3  
  99  7:37  Queen  
  99  7:40  Spore Crawler  
  99  7:41  Spore Crawler  
  99  7:44  Spore Crawler  
  98  7:46  Overlord  
  98  7:52  Evolution Chamber  
  98  7:55  Drone x5  
  98  7:57  Grooved Spines  
  101  8:04  Hydralisk x2  
  101  8:05  Hydralisk  
  106  8:10  Hydralisk x4  
  111  8:13  Hydralisk x2  
  111  8:16  Hydralisk  
  117  8:23  Extractor, Drone x3  
  117  8:24  Extractor  
  117  8:25  Drone x2  
  119  8:31  Zerg Missile Weapons Level 1  
  119  8:34  Infestation Pit  
  118  8:36  Drone x2  
  118  8:38  Overlord x2  
  118  8:40  Overlord  
  120  8:58  Hatchery  
  120  8:59  Drone x3  
  120  9:00  Hydralisk x3  
  128  9:07  Hydralisk x2  
  128  9:08  Muscular Augments  
  132  9:13  Hive  
  132  9:15  Hydralisk  
  133  9:18  Overlord x2  
  132  9:24  Lurker Den  
  132  9:29  Overlord  
  132  9:30  Hydralisk x2  
  134  9:39  Hydralisk x4  
  142  9:48  Drone  
  142  9:49  Drone x4  
  142  9:50  Overlord  
  146  9:53  Overlord  
  146  9:58  Extractor  
  145  10:00  Drone x3  
  145  10:01  Extractor, Drone x2  
  145  10:02  Drone  
  145  10:03  Overlord  
  150  10:10  Overlord x2  
  149  10:22  Lurker x3  
  149  10:25  Seismic Spines  
  149  10:26  Viper x2  
  158  10:30  Drone x2  
  158  10:32  Zerg Missile Weapons Level 2  
  161  10:35  Lurker  
  161  10:38  Hatchery  
  160  10:43  Lurker x2  
  160  10:46  Drone x2  
  164  10:57  Hydralisk x6  
  167  11:13  Hydralisk x4  
  169  11:23  Hydralisk x7  
  155  11:34  Hydralisk x5  
  155  11:39  Drone  
  154  11:41  Hydralisk x3  
  154  11:42  Zergling x16  
  153  11:48  Hatchery  
  153  11:52  Hydralisk x4  
  157  12:04  Roach x8  
  173  12:13  Drone  
  173  12:14  Drone x3  
  177  12:16  Drone  
  177  12:19  Extractor, Lurker  
  177  12:20  Overlord  
  177  12:21  Extractor, Lurker x2  
  179  12:23  Drone x2  
  179  12:24  Drone x2, Overseer  
  183  12:32  Adaptive Talons  
  183  12:34  Lurker  
  184  12:40  Overseer  
  184  12:42  Hydralisk x3  
  190  12:56  Lurker x2  
  190  12:58  Glial Reconstitution  
  192  13:03  Hydralisk x3  
  193  13:11  Hydralisk x3  
  198  13:15  Drone  
  198  13:16  Spine Crawler  
  192  13:20  Hydralisk x5  
  193  13:29  Lurker x2  
  193  13:30  Drone x2  
  197  13:41  Zerg Ground Armor Level 1  
  191  13:42  Drone x3  
  191  13:51  Drone  
  191  13:52  Spine Crawler  
  191  13:53  Lurker x4  
  191  13:54  Spine Crawler, Lurker  
  195  13:58  Drone x3  
  195  13:59  Spine Crawler x2  
  195  14:00  Spine Crawler  
  195  14:01  Hydralisk x2  
  199  14:04  Overseer  
  199  14:10  Overlord  
  199  14:13  Lurker  
  193  14:25  Spire  
  193  14:26  Spire  
  191  14:37  Drone  
  191  14:38  Drone x5  
  197  14:42  Drone  
  190  14:58  Spore Crawler, Drone x3  
  190  14:59  Spore Crawler x3, Drone x4  
  193  15:00  Spore Crawler x2  
  193  15:01  Spore Crawler  
  193  15:02  Hydralisk x2  
  193  15:03  Hydralisk x3, Spore Crawler x3  
  193  15:04  Spore Crawler x2  
  189  15:18  Spore Crawler x2  
  189  15:19  Spore Crawler x2  
  189  15:20  Spore Crawler x2  
  189  15:21  Hydralisk x6, Spore Crawler  
  182  15:26  Drone  
  182  15:28  Drone x3  
  190  15:39  Spore Crawler  
  190  15:41  Zerg Flyer Weapons Level 1  
  190  15:42  Spore Crawler x2, Zerg Flyer Armor Level 1  
  187  15:46  Zerg Ground Armor Level 2  
  187  15:50  Overseer  
  187  15:51  Drone x2  
  187  15:54  Overlord  
  189  16:02  Drone x3  
  192  16:05  Lurker  
  192  16:06  Lurker x2  
  192  16:11  Corruptor  
  195  16:12  Hatchery  
  195  16:17  Viper  
  188  16:26  Hydralisk x6  
  191  16:34  Drone x3  
  191  16:39  Hatchery  
  191  16:43  Hydralisk  
  191  16:44  Hydralisk x3  
  196  16:48  Corruptor x2  
  194  17:02  Pathogen Glands  
  194  17:05  Corruptor, Viper  
  199  17:19  Adrenal Glands, Drone  
  199  17:20  Ultralisk Cavern  
  196  17:39  Corruptor x6  
  200  17:51  Zerg Flyer Armor Level 2, Zerg Flyer Weapons Level 2  
  200  17:55  Overseer  
  200  17:59  Neural Parasite  
  200  18:02  Zerg Missile Weapons Level 3  
  200  18:08  Chitinous Plating  
  200  18:16  Overseer x2  
  194  18:48  Lurker x2  
  194  18:49  Lurker  
  195  18:56  Lurker  
  195  18:58  Corruptor x2  
  195  18:59  Spore Crawler  
  195  19:00  Spore Crawler  
  193  19:27  Anabolic Synthesis  
  190  19:34  Overseer  
  171  19:42  Ultralisk x5  
  171  19:43  Corruptor x5  
  171  19:44  Viper  
  195  19:45  Corruptor x2  
  199  19:55  Spore Crawler x3  
  199  19:56  Queen  
  198  20:01  Spore Crawler  
  198  20:05  Overseer x2  
  189  20:17  Overseer  
  189  20:22  Hatchery  
  189  20:23  Hatchery  
  187  20:29  Overseer  
  187  20:30  Greater Spire, Zerg Flyer Weapons Level 3  
  187  20:33  Hatchery  
  187  20:34  Overlord x2  
  187  20:35  Drone x2  
  187  20:36  Drone  
  187  20:37  Unknown, Drone x2  
  187  20:38  Overlord x2  
  187  20:40  Zerg Melee Weapons Level 1, Drone  
  191  20:44  Drone  
  192  20:52  Corruptor x4  
  200  21:25  Drone x2  
  200  21:48  Zerg Flyer Armor Level 3  
  200  22:13  Hatchery  
  199  22:29  Drone  
  200  22:34  Zerg Ground Armor Level 3  
  195  22:59  Corruptor, Viper  
  198  23:34  Hatchery  
  197  23:37  Extractor  
  197  23:38  Extractor  
  195  23:49  Hatchery  
  188  24:08  Infestor x3  
  188  24:09  Infestor x2  
  192  24:16  Brood Lord x6  
  190  24:17  Corruptor x8  
  186  24:32  Brood Lord  
  186  24:34  Drone x3  
  186  24:36  Queen  
  186  24:37  Queen x2  
  197  24:40  Overseer x5  
  194  24:47  Drone x2  
  194  24:48  Drone  
  194  24:49  Lurker x2  
  194  24:50  Lurker  
  200  25:10  Zerg Melee Weapons Level 2  
  200  25:37  Spore Crawler  
  200  25:38  Spore Crawler  
  200  25:39  Spore Crawler  
  200  25:40  Spore Crawler  
  196  25:43  Overseer x3  
  186  26:05  Hydralisk x2  
  186  26:06  Hydralisk x2  
  186  26:07  Zergling x2  
  186  26:08  Zergling x16  
  200  26:22  Spore Crawler x2  
  198  26:35  Drone, Baneling Nest  
  198  26:38  Lurker x2  
  200  26:46  Extractor, Hatchery  
  198  26:47  Zergling x4, Extractor  
  198  26:48  Zergling x2  
  190  27:11  Ultralisk  
  190  27:12  Hatchery  
  190  27:14  Spore Crawler  
  190  27:15  Zergling x10  
  198  27:16  Spine Crawler  
  198  27:17  Spine Crawler x2  
  198  27:18  Overseer  
  196  27:23  Centrifical Hooks  
  196  27:47  Baneling x7  
  196  27:49  Zergling x2  
  196  27:50  Zergling x6  
  199  28:01  Zergling x2  
  199  28:04  Zerg Melee Weapons Level 3  
  198  28:11  Spore Crawler x2  
  198  28:12  Spore Crawler  
  195  28:25  Corruptor x2  
  199  28:33  Spine Crawler  
  198  28:34  Spine Crawler  
  198  28:35  Spine Crawler x2  
  198  28:39  Hatchery  
  190  28:51  Zergling x18  
  188  29:06  Zergling x10  
  184  29:27  Drone x3  
  184  29:28  Drone x3  
  190  29:34  Baneling x8  
  189  29:44  Extractor  
  185  29:46  Extractor  
  183  29:54  Zergling x18  
  190  30:03  Zergling x18  
  185  30:13  Ultralisk x3  
  197  30:19  Drone  
  192  30:41  Ultralisk x2  
  195  30:51  Infestor  
  195  30:52  Infestor  
  190  31:14  Ultralisk  
  196  31:32  Hatchery  
  188  31:42  Overlord x2  
  188  31:46  Overlord  
  186  31:49  Overlord  
  181  32:00  Corruptor x2  
  183  32:01  Infestor  
  185  32:10  Hatchery, Drone x3  
  185  32:12  Zergling x6  
  182  32:35  Hatchery  
  181  32:38  Extractor  
  179  32:46  Ultralisk  
  179  32:47  Ultralisk x2  
  190  33:05  Viper  
  187  33:07  Drone x3  
  187  33:12  Queen x3  
  196  33:31  Drone x2  
  196  33:32  Extractor, Drone x3  
  196  33:33  Extractor  
  192  34:11  Corruptor x3  
  192  34:16  Corruptor x2  
  192  34:17  Corruptor  
  197  34:36  Hatchery  
  197  35:00  Queen x3  
  199  35:12  Hatchery  
  194  35:14  Extractor  
  194  35:15  Extractor  
  194  35:19  Drone  
  194  35:20  Drone x7  
  195  35:56  Hatchery  
  192  36:16  Zergling x12  
  192  36:18  Zergling x4  
  200  36:22  Extractor  
  75  37:13  Overseer  
  63  37:16  Corruptor x9  
  63  37:17  Corruptor x3  
  63  37:18  Viper x3  
  63  37:20  Corruptor x5  
  106  37:25  Drone x3  
  100  37:35  Corruptor, Drone  
  100  37:36  Drone  
  104  37:41  Brood Lord x4  
  104  37:43  Queen x2  
  116  37:47  Queen  
Tags
 
Add a new tag
Caveats
  • Supply blocks, unpowered buildings, or Contaminate may cause inaccurate times.
  • Supply counts are checked every 10 seconds.